 Dungeon Crawl Stone Soup version 0.29-a0-823-gc37b1572da (webtiles) character file.

Game seed: 2809875448691401433

37 IdlyInterested the Twirler (level 3, 0/29 HPs)
             Began as a Demonspawn Gladiator on July 8, 2022.
             Slain by a shadow imp (1 damage)
             ... summoned by Natasha
             ... on level 2 of the Dungeon.
             The game lasted 00:02:57 (1264 turns).

IdlyInterested the Twirler (Demonspawn Gladiator)   Turns: 1264, Time: 00:02:58

Health: 0/29       AC:  3    Str: 16    XL:     3   Next: 23%
Magic:  3/3        EV: 12    Int:  9    God:
Gold:   83         SH:  0    Dex: 14    Spells: 2/2 levels left

rFire   . . .      SeeInvis .   a - +0 quarterstaff
rCold   . . .      Faith    .   (shield currently unavailable)
rNeg    . . .      Spirit   .   b - +0 leather armour
rPois   .          Reflect  .   (helmet restricted)
rElec   .          Harm     .   (no cloak)
rCorr   .          Rampage  .   (no gloves)
Will    .....                   (no boots)
Stlth   +.........              (no amulet)
HPRegen 0.09/turn               k - ring of wizardry
MPRegen 0.08/turn               (no ring)

@: slowed, very slow
A: horns 1, spiny 1
a: no special abilities


You were on level 2 of the Dungeon.
You visited 1 branch of the dungeon, and saw 2 of its levels.

You collected 215 gold pieces.
You spent 132 gold pieces at shops.

Inventory:

Hand Weapons
 a - a +0 quarterstaff (weapon)
Missiles
 d - 5 throwing nets (quivered)
 e - a javelin
Armour
 b - a +0 leather armour (worn)
Jewellery
 k - a ring of wizardry (left hand)
Scrolls
 f - a scroll of teleportation
 g - a scroll of identify
 i - a scroll of poison {unknown}
Potions
 c - a potion of curing
 h - a potion of flight
 m - a potion of attraction
 n - a potion of might


   Skills:
 * Level 3.0 Fighting
 + Level 3.0 Staves
 - Level 1.7 Throwing
 + Level 1.0 Armour
 - Level 2.6 Dodging


You had 2 spell levels left.
You didn't know any spells.
Your spell library was empty.

Dungeon Overview and Level Annotations

Branches:
Dungeon (2/15)

Altars:

Shops:
D:1 !

Annotations:
D:2 Natasha


Innate Abilities, Weirdness & Mutations

You have a pair of small horns on your head.
You are partially covered in sharp spines.


Message History

You see here 7 stones.
You see here 7 stones.
Found a leather armour.
Found a stone staircase leading up.
i - a scroll labelled PAESSU TEYGH A dart slug comes into view.
Found a scroll of immolation.
Natasha, Servant of Life and Death comes into view.
Natasha hisses angrily.
Natasha stares at you and mumbles some strange words.
The magic dart hits you. Natasha casts a spell at you.
You feel yourself slow down. The dart slug is struck by your spines.
The dart slug bites you but does no damage.
Natasha claws you.
The dart slug bites you but does no damage.
You hit the dart slug. You headbutt the dart slug.
The dart slug is heavily wounded.
Natasha mumbles some strange words.
The dart slug launches a dart at you. The slug dart hits you.
Natasha is struck by your spines. Natasha claws you.
You hit the dart slug but do no damage.
The dart slug is heavily wounded.
Natasha claws you. The dart slug launches a dart at you.
The slug dart hits you. Natasha casts a spell at you.
You resist with significant effort.
You hit the dart slug.
The dart slug is severely wounded.
The shadow imp gestures at you. Pain shoots through your body!
* * * LOW HITPOINT WARNING * * *
The dart slug is struck by your spines. The dart slug bites you.
* * * LOW HITPOINT WARNING * * *
Natasha is struck by your spines. Natasha claws you.
* * * LOW HITPOINT WARNING * * *
The shadow imp shouts, "Get thee hence, thou puking elf-skinned simpleton!"
The shadow imp hits you.
You die...

.# ##..## #.. ## .#
##..###.###.........
.#
##..##.##.........#
##
##.##.##..........
#..#.[.....<.....
##...###.........
###..##.?.......
##.##.h5......
#....@w......
####.........
#.........
#.........
#.........
##.......# ##.....##
######


You could see Natasha, a shadow imp (summoned) and a dart slug.

Vanquished Creatures
  3 dart slugs
  6 ball pythons
  2 bats
  2 endoplasms (D:1)
  2 giant cockroaches (D:1)
  4 goblins
  3 hobgoblins (D:1)
  A jackal (D:1)
  A quokka (D:1)
  3 frilled lizards (D:1)
  A kobold (D:1)
  3 rats (D:1)
31 creatures vanquished.

Vanquished Creatures (others)
  4 toadstools (D:1)
4 creatures vanquished.

Grand Total: 35 creatures vanquished

Notes
Turn   | Place    | Note
-------+----------+-------------------------------------------
     0 | D:1      | IdlyInterested the Demonspawn Gladiator began the quest for
                  | the Orb.
     0 | D:1      | Reached XP level 1. HP: 16/16 MP: 1/1
   458 | D:1      | Gained mutation: You are partially covered in sharp spines.
                  | [demonic ancestry]
   458 | D:1      | Reached XP level 2. HP: 23/23 MP: 2/2
   763 | D:1      | Found a faded altar of an unknown god.
   984 | D:1      | Found Xinloame's Distillery.
   992 | D:1      | Bought a potion of degeneration for 12 gold pieces
   996 | D:1      | Reached skill level 1 in Armour
   996 | D:1      | Discovered your monstrous ancestry.
   996 | D:1      | Gained mutation: You have a pair of small horns on your
                  | head. [demonic ancestry]
   996 | D:1      | Reached XP level 3. HP: 28/28 MP: 3/3
  1110 | D:1      | Bought a potion of curing for 36 gold pieces
  1110 | D:1      | Bought a potion of attraction for 36 gold pieces
  1110 | D:1      | Bought a potion of might for 48 gold pieces
  1259 | D:2      | Noticed Natasha
  1264 | D:2      | HP: 1/29 [Natasha (1)]
  1264 | D:2      | Slain by a shadow imp

Illustrated notes

Levels and vault maps discovered:
D:1:      lightli_arrival_isolated_outpost, layout_loops_ring, serial_shops,
          shop, chequers_ecumenical_altar_island, minmay_misc_feat_square,
          solitary_fountain, kennysheep_nondescript, minmay_gold_behind_fungi,
          hex_tiny, serial_park_tiny_2, minmay_heptomino_l4
D:2:      layout_rooms, guppyfry_early_lair_pool, uniq_sigmund, uniq_jessica,
          uniq_natasha

Skill      XL: |  1  2  3 |
---------------+----------+-----
Staves         | 3 |  3.0
Armour         | 1 |  1.0
Fighting       | 3 |  3.0
Throwing       | |  1.7
Dodging        | |  2.6

Action                   || total
-------------------------++-------
Melee: Quarterstaff      ||    67
       Headbutt          ||     2
  Use: Scroll            ||     4
 Stab: Sleeping          ||     1
Armor: Leather armour    ||    19
Dodge: Dodged            ||    35

Table legend: (Time is in decaauts)
 A = Elapsed time spent in this place.
 B = Non-inter-level travel time spent in this place.
 C = Inter-level travel time spent in this place.
 D = Time resting spent in this place.
 E = Time spent auto-exploring this place.
 F = Levels seen in this place.
 G = Mean time per level.
                   A        B        C        D        E       F      G
               +--------+--------+--------+--------+--------+-----+--------+
         Total |   1296 |   1231 |     65 |    327 |    631 |   2 |  648.0 |
       Dungeon |   1296 |   1231 |     65 |    327 |    631 |   2 |  648.0 |
               +--------+--------+--------+--------+--------+-----+--------+

Top non-repeatable levels by time:
     D:1: 1162 daAuts
     D:2: 134 daAuts
